 Dungeon Sprint DCSS version 0.30-a0-341-g682706514a (webtiles) character file.

Game seed: 11274319555667417640

116 Hubris850 the Changer (level 5, -4/55 HPs)
             Began as a Merfolk Transmuter on Nov 2, 2022.
             Was an Elder of Sif Muna.
             Slain by a fire bat (5 damage)
             ... in the Dungeon (Sprint VII: "The Pits").
             The game lasted 00:02:37 (363 turns).

Hubris850 the Changer (Merfolk Transmuter)           Turns: 363, Time: 00:02:37

Health: -4/55      AC:  2    Str: 12    XL:     5   Next: 1%
Magic:  5/12       EV: 12    Int: 13    God:    Sif Muna [****..]
Gold:   0          SH:  0    Dex: 14    Spells: 8/14 levels left

rFire   . . .      SeeInvis .      - Unarmed
rCold   . . .      Faith    .    (no shield)
rNeg    . . .      Spirit   .    a - +0 robe
rPois   .          Reflect  .    (no helmet)
rElec   .          Harm     .    (no cloak)
rCorr   .          Rampage  .    (no gloves)
Will    .....      NoTele   +    (no boots)
Stlth   ..........               (no amulet)
HPRegen 0.29/turn                (no ring)
MPRegen 0.13/turn                (no ring)

@: berserking, wereblooded (expiring), very quick
A: (nimble swimmer 2), mertail
a: Renounce Religion, Channel Magic, Forget Spell, Divine Exegesis


You were in the Dungeon.
You worshipped Sif Muna.
Sif Muna was greatly pleased with you.
You visited 1 branch

Inventory:

Hand Weapons
 l - a +2 long sword of flaming
 m - a +2 quarterstaff of speed
Armour
 a - a +0 robe (worn)
 k - a +3 ring mail
Scrolls
 h - a scroll of blinking
 i - 5 scrolls of amnesia
 j - a scroll of summoning
Potions
 b - a potion of lignification
 c - a potion of berserk rage
 d - 5 potions of heal wounds
 e - a potion of haste
 f - 4 potions of magic
 g - 2 potions of invisibility
 n - 5 potions of curing


   Skills:
 - Level 1.1 Fighting
 - Level 2.6 Dodging
 - Level 3.2 Unarmed Combat
 + Level 5.3 Spellcasting
 + Level 6.9 Transmutations
 * Level 5.8 Ice Magic
 + Level 2.0 Poison Magic


You had 8 spell levels left.
You knew the following spells:

 Your Spells              Type           Power      Damage    Failure   Level
a - Beastly Appendage     Tmut           42%        N/A       1%          1
b - Wereblood             Tmut           21%        N/A       1%          2
c - Spider Form           Tmut/Pois      15%        N/A       9%          3

Your spell library contained the following spells:

 Spells                   Type           Power      Damage    Failure   Level
 Ice Form                 Ice/Tmut       20%        N/A       13%         4


Dungeon Overview and Level Annotations

Branches:
Dungeon (1/1)

Altars:
Ashenzari
Cheibriados
Dithmenos
Elyvilon
Fedhas
Gozag
Hepliaklqana
Kikubaaqudgha
Makhleb
Nemelex Xobeh
Okawaru
Qazlal
Ru
Sif Muna
Trog
Uskayaw
Vehumet
Wu Jian
Xom
Yredelemnul
Zin
The Shining One
Jiyva
Lugonu


Innate Abilities, Weirdness & Mutations

((You are very nimble when in or above water. (Stealth+, EV+, Speed+++)))
Your lower body shifts to a powerful aquatic tail in water.


Message History

A rat comes into view.
There is an open door here.
The fire bat closely misses you.
The bullfrog gives a loud, deep croak!
You hit the fire bat.
The fire bat is lightly wounded.
The fire bat closely misses you. The rat bites you but does no damage.
You closely miss the rat. You punch the rat.
You kill the rat!
Sif Muna accepts your kill. The fire bat bites you.
You are engulfed in flames!
You completely miss the fire bat.
The fire bat is lightly wounded.
The fire bat barely misses you.
You hit the fire bat.
The fire bat is lightly wounded.
Your primal bloodlust is almost over.
The fire bat bites you.
You are engulfed in flames!
The fire bat closely misses you. The bullfrog closely misses you.
You feel much better. The fire bat bites you.
You are engulfed in flames!
The bullfrog closely misses you. The bullfrog barely misses you.
A red film seems to cover your vision as you go berserk!
You feel yourself moving faster!
You feel mighty! The fire bat bites you.
You are engulfed in flames.
The fire bat barely misses you. The bullfrog closely misses you.
The fire bat bites you.
You are engulfed in flames!
* * * LOW HITPOINT WARNING * * *
You closely miss the fire bat.
The fire bat is lightly wounded.
The bullfrog hits you but does no damage.
The fire bat bites you.
* * * LOW HITPOINT WARNING * * *
You are engulfed in flames!
* * * LOW HITPOINT WARNING * * *
You closely miss the fire bat.
The fire bat is lightly wounded.
The fire bat bites you.
* * * LOW HITPOINT WARNING * * *
You are engulfed in flames.
You die...

#.#..#...#.#####'#
#.#..#####.##.....
#.#..††..#†##.....
#.#..'†..'.##.....
#.#..########...<.
#.#..'[.)).##.....
#†#..#.).).##.....
#b###########.....
#@F.....# ######
#...#...# #...# .#
#.##.# #.. #.. #..
... #.. ..+ ####
###


You could see a fire bat and a bullfrog.

Vanquished Creatures
  A bullfrog (D)
  2 adders (D)
  A river rat (D)
  An ufetubus (D)
  An endoplasm (D)
  11 jackals (D)
  A quokka (D)
  A bat (D)
  A rat (D)
20 creatures vanquished.

Notes
Turn   | Place    | Note
-------+----------+-------------------------------------------
     0 | D        | Hubris850 the Merfolk Transmuter began the quest for the
                  | Orb.
     0 | D        | Reached XP level 1. HP: 15/15 MP: 3/3
    23 | D        | Reached skill level 3 in Transmutations
    23 | D        | Reached XP level 2. HP: 21/21 MP: 3/5
    44 | D        | Learned a level 2 spell: Wereblood
    67 | D        | Found a glowing golden altar of the Shining One.
    67 | D        | Found a glowing silver altar of Zin.
    67 | D        | Found a basalt altar of Yredelemnul.
    67 | D        | Found a shimmering altar of Xom.
    67 | D        | Found an ornate altar of the Wu Jian Council.
    67 | D        | Found a bloodstained altar of Trog.
    67 | D        | Found a shimmering blue altar of Sif Muna.
    67 | D        | Found a sacrificial altar of Ru.
    67 | D        | Found a stormy altar of Qazlal.
    67 | D        | Found an iron altar of Okawaru.
    67 | D        | Found a sparkling altar of Nemelex Xobeh.
    67 | D        | Found a burning altar of Makhleb.
    67 | D        | Found a viscous altar of Jiyva.
    67 | D        | Found a hazy altar of Hepliaklqana.
    67 | D        | Found an opulent altar of Gozag.
    67 | D        | Found a blossoming altar of Fedhas.
    67 | D        | Found a white marble altar of Elyvilon.
    67 | D        | Found a shadowy altar of Dithmenos.
    67 | D        | Found a snail-covered altar of Cheibriados.
    68 | D        | Found a radiant altar of Vehumet.
    68 | D        | Found a corrupted altar of Lugonu.
    69 | D        | Found an ancient bone altar of Kikubaaqudgha.
    69 | D        | Found a hide-covered altar of Uskayaw.
    69 | D        | Found a broken altar of Ashenzari.
    70 | D        | Became a worshipper of Sif Muna the Loreminder
    90 | D        | Reached * piety under Sif Muna
    91 | D        | Reached skill level 4 in Transmutations
   113 | D        | Reached ** piety under Sif Muna
   118 | D        | Reached XP level 3. HP: 14/26 MP: 5/8
   193 | D        | Learned a level 3 spell: Spider Form
   243 | D        | Reached *** piety under Sif Muna
   249 | D        | Reached skill level 5 in Transmutations
   249 | D        | Reached **** piety under Sif Muna
   340 | D        | Noticed a bullfrog
   340 | D        | Noticed a fire bat
   340 | D        | Noticed a bullfrog
   347 | D        | Killed a bullfrog
   348 | D        | Reached skill level 5 in Spellcasting
   348 | D        | Reached skill level 6 in Transmutations
   348 | D        | Reached skill level 5 in Ice Magic
   348 | D        | Reached skill level 1 in Poison Magic
   348 | D        | Reached XP level 4. HP: 31/32 MP: 4/11
   352 | D        | Reached XP level 5. HP: 37/37 MP: 4/12
   363 | D        | HP: 1/55 [fire bat (4)]
   363 | D        | Slain by a fire bat

Illustrated notes

Levels and vault maps discovered:
D:        pitsprint [storerooms_1, entrance_room_1, metal_vault_4, armoury_1,
          mini_pit_1, grid_room_1, main_hall_1, silver_pit, the_coven_1,
          the_vestibule_1, steel_vault_5, golden_pit, hallway_of_sentries,
          crystal_vault_1, iron_vault_4, final_vault]

Skill      XL: |  1  2  3  4 |
---------------+-------------+-----
Transmutations | 3 4 6 |  6.9
Ice Magic      | 2 3 5 |  5.8
Spellcasting   | 3 5 |  5.3
Poison Magic   | 1 2 |  2.0
Fighting       | |  1.1
Dodging        | |  2.6
Unarmed Combat | |  3.2

Action                   |  1- 3 |  4- 6 || total
-------------------------+-------+-------++-------
Melee: Unarmed           |    56 |    10 ||    66
       Headbutt          |     8 |       ||     8
       Punch             |       |     1 ||     1
 Cast: Beastly Appendage |     3 |       ||     3
       Wereblood         |     4 |       ||     4
       Spider Form       |     2 |       ||     2
  Use: Potion            |     2 |     2 ||     4
Armor: Robe              |     8 |     2 ||    10
       Skin              |     2 |       ||     2
Dodge: Dodged            |    64 |    11 ||    75

Table legend: (Time is in decaauts)
 A = Elapsed time spent in this place.
 B = Non-inter-level travel time spent in this place.
 C = Inter-level travel time spent in this place.
 D = Time resting spent in this place.
 E = Time spent auto-exploring this place.
 F = Levels seen in this place.
 G = Mean time per level.
                   A        B        C        D        E       F      G
               +--------+--------+--------+--------+--------+-----+--------+
         Total |    372 |    372 |      0 |    149 |      0 |   1 |  372.0 |
       Dungeon |    372 |    372 |      0 |    149 |      0 |   1 |  372.0 |
               +--------+--------+--------+--------+--------+-----+--------+

Top non-repeatable levels by time:
       D: 372 daAuts
